 Dungeon Crawl Stone Soup version 0.20.1-1-g8b1a95d (webtiles) character file.

252 Peloso the Shield-Bearer (level 5, -4/42 HPs)
             Began as a Demonspawn Fighter on Aug 3, 2017.
             Killed by nerve-wracking pain
             ... invoked by an orc priest
              (11 damage)
             ... on level 4 of the Dungeon.
             The game lasted 00:05:47 (2523 turns).

Peloso the Shield-Bearer (Demonspawn Fighter)       Turns: 2523, Time: 00:05:50

Health: -4/42      AC:  8    Str: 18    XL:     5   Next: 89%
Magic:  5/5        EV:  7    Int:  9    God:
Gold:   103        SH:  9    Dex: 12    Spells: 4/4 levels left

rFire    . . .     SeeInvis .   a - +0 long sword
rCold    + . .     Gourm    .   c - +0 shield
rNeg     . . .     Faith    .   b - +0 scale mail
rPois    .         Spirit   .   (no helmet)
rElec    .         Reflect  .   (no cloak)
rCorr    .         Harm     .   (no gloves)
MR       .....                  (no boots)
Stlth    ..........             p - amulet of rage
Regen    0.2/turn               y - ring of protection from cold
MPRegen  0.1/turn               (no ring)

@: no status effects
A: iridescent scales 1, demonic guardian 1, foul stench 1, rot immunity
a: Evoke Berserk Rage


You were on level 4 of the Dungeon.
You were not hungry.

You visited 1 branch of the dungeon, and saw 4 of its levels.

You collected 103 gold pieces.

Inventory:

Hand Weapons
 a - a +0 long sword (weapon)
Armour
 b - a +0 scale mail (worn)
 c - a +0 shield (worn)
Jewellery
 p - an amulet of rage (around neck)
 y - a ring of protection from cold (left hand)
Scrolls
 e - a scroll of random uselessness {unknown}
 j - a scroll of blinking {unknown}
 k - a scroll of magic mapping {unknown}
 m - a scroll of fog {unknown}
 o - 2 scrolls of identify {unknown}
 q - a scroll of enchant weapon {unknown}
 s - a scroll of teleportation {unknown}
 u - 2 scrolls of enchant armour {unknown}
 x - a scroll of fear {unknown}
Potions
 d - a potion of might
 h - 2 potions of lignification {unknown}
 i - 2 potions of flight {unknown}
 l - 3 potions of degeneration {unknown}
 n - a potion of haste {unknown}
 r - a potion of invisibility {unknown}
 t - a potion of curing {unknown}
 v - a potion of berserk rage {unknown}
 w - a potion of resistance {unknown}
Comestibles
 f - 2 bread rations
 g - a royal jelly


   Skills:
 + Level 3.7 Fighting
 + Level 3.4 Long Blades
 + Level 3.6 Armour
 + Level 1.0 Dodging
 + Level 3.8 Shields


You had 4 spell levels left.
You didn't know any spells.

Dungeon Overview and Level Annotations

Branches:
Dungeon (4/15)
 Temple: D:4-7

Altars:

Shops:
D:4 [


Innate Abilities, Weirdness & Mutations

You are partially covered in iridescent scales. (AC +2)
A weak demonic guardian rushes to your aid.
You may emit foul miasma when damaged in melee.
You are immune to rotting.


Message History

The orc wizard gestures wildly while chanting.
The orc wizard blinks!
The centaur skeleton hits you.
* * * LOW HITPOINT WARNING * * *
You hit the orc priest but do no damage.
The orc priest is moderately wounded.
Your quasit disappears in a puff of smoke!
The centaur skeleton hits you but does no damage.
The orc priest hits you but does no damage.
You block the centaur skeleton's attack.
You see here a dagger.
The centaur skeleton hits your ufetubus.
Your ufetubus hits the centaur skeleton. x2
The centaur skeleton barely misses your ufetubus.
Your ufetubus hits the centaur skeleton. x2
Your white imp hits the centaur skeleton.
Your white imp freezes the centaur skeleton.
The centaur skeleton resists.
The orc priest calls down the wrath of Beogh upon you.
Pain shoots through your body!
You die...

......
#.#.##...........
......# #............#
......# #...#####.####
....#.###...# ###.#
#..........###(..#
..##....##.##..### .
##...###....## ..
#####....##....## ..#
#......#....##@## ..#
...###.##..####.5###..#
###.###.##...oZ5..#
#..รท.......###o####
#.....##.##.#### #.#
##...###.#..# #o#
...###...# .# #.# ##
###.##...### #..
####...##.#...# ##<


You could see an orc priest, an orc wizard, an orc, a centaur skeleton, a
friendly white imp and a friendly ufetubus.

Vanquished Creatures
  A bullfrog (D:3)
  A hound (D:4)
  Jessica (D:2)
  Natasha (twice) (D:3)
  2 adders (D:3)
  A worm (D:2)
  2 orcs
  10 bats
  13 goblins
  7 hobgoblins
  6 jackals
  6 kobolds
  3 quokkas
  4 frilled lizards
  A jackal skeleton (D:4)
  6 rats
66 creatures vanquished.

Vanquished Creatures (collateral kills)
  Natasha (D:3)
  An orc (D:4)
2 creatures vanquished.

Grand Total: 68 creatures vanquished

Notes
Turn   | Place    | Note
-------+----------+-------------------------------------------
     0 | D:1      | Peloso the Demonspawn Fighter began the quest for the Orb.
     0 | D:1      | Reached XP level 1. HP: 18/18 MP: 1/1
   285 | D:1      | Gained mutation: You are immune to rotting. [demonic ancestry]
   285 | D:1      | Reached XP level 2. HP: 24/24 MP: 2/2
   876 | D:2      | Noticed Jessica
   895 | D:2      | Killed Jessica
   895 | D:2      | Gained mutation: You are partially covered in iridescent scales. (AC +2) [demonic ancestry]
   895 | D:2      | Reached XP level 3. HP: 11/29 MP: 3/3
  1677 | D:3      | Gained mutation: A weak demonic guardian rushes to your aid. [demonic ancestry]
  1677 | D:3      | Reached XP level 4. HP: 34/35 MP: 4/4
  1711 | D:3      | Noticed Natasha
  1719 | D:3      | Killed Natasha
  2009 | D:3      | Noticed Natasha
  2012 | D:3      | Noticed a bullfrog
  2021 | D:3      | Killed Natasha
  2021 | D:3      | Gained mutation: You may emit foul miasma when damaged in melee. [demonic ancestry]
  2021 | D:3      | Reached XP level 5. HP: 24/41 MP: 5/5
  2154 | D:3      | Noticed Natasha
  2166 | D:3      | Killed Natasha
  2432 | D:4      | Found Tevavvoca's Armour Shoppe.
  2469 | D:4      | Reached skill level 1 in Dodging
  2523 | D:4      | Killed from afar by an orc priest

Skill      XL: |  1  2  3  4  5 |
---------------+----------------+-----
Long Blades    | 2 3 |  3.4
Shields        | 3 |  3.8
Armour         | 3 |  3.6
Dodging        | 1 |  1.0
Fighting       | |  3.7

Action                   |  1- 3 |  4- 6 || total
-------------------------+-------+-------++-------
Melee: Long sword        |   100 |   130 ||   230
  Use: Potion            |     1 |       ||     1
 Stab: Distracted        |       |     1 ||     1
  Eat: Chunk             |     2 |     4 ||     6
Armor: Scale mail        |    54 |    74 ||   128
Dodge: Dodged            |    27 |    42 ||    69
Block: Shield            |    53 |    72 ||   125
       Rpst.: Long sword |    11 |    16 ||    27
